 Dungeon Crawl Stone Soup version 0.32-a0-938-g40ac7a0f4d (webtiles) character file.

Game seed: 383583895567164859

63 Cancer the Firebug (level 3, -3/26 HPs)
             Began as a Mountain Dwarf Fire Elementalist on Apr 15, 2024.
             Killed from afar by an orc wizard (4 damage)
             ... with a magic dart
             ... on level 2 of the Dungeon.
             The game lasted 00:04:16 (1825 turns).

Cancer the Firebug (MDFE)                           Turns: 1825, Time: 00:04:17

Health: -3/26      AC:  3    Str: 10    XL:     3   Next: 89%
Magic:  3/6        EV: 10    Int: 17    God:
Gold:   81         SH:  0    Dex: 10    Spells: 6/7 levels left

rFire   . . .        e - +0 spear
rCold   . . .        (no shield)
rNeg    . . .        j - +0 leather armour
rPois   .            (no helmet)
rElec   .            (no cloak)
rCorr   .            (no gloves)
SInv    .            (no boots)
Will    .....        (no amulet)
Stlth   +            (no ring)
HPRegen 0.24/turn    (no ring)
MPRegen 0.10/turn

%: no passive effects
@: no status effects
A: runic magic, artefact enchanting
a: no special abilities


You were on level 2 of the Dungeon.
You visited 1 branch of the dungeon, and saw 3 of its levels.

You collected 81 gold pieces.

Inventory:

Hand Weapons
 e - a +0 spear (weapon)
Armour
 a - a +0 robe
 j - a +0 leather armour (worn)
Magical Staves
 i - a staff of death
Scrolls
 c - 6 scrolls of identify {unknown}
 d - a scroll of revelation {unknown}
 f - a scroll of blinking {unknown}
 l - a scroll of noise {unknown}
 m - 2 scrolls of teleportation {unknown}
Potions
 b - a potion of magic
 g - 2 potions of berserk rage {unknown}
 h - a potion of mutation {unknown}
 k - 2 potions of attraction {unknown}


   Skills:
 - Level 1.3 Dodging
 - Level 1.4 Stealth
 + Level 2.5 Spellcasting
 + Level 2.0 Conjurations
 + Level 4.4 Fire Magic


You had 6 spell levels left.
You knew the following spells:

 Your Spells              Type           Power      Damage    Failure   Level
a - Foxfire               Conj/Fire      52%        2x1d6     5%          1

Your spell library contained the following spells:

 Spells                   Type           Power      Damage    Failure   Level
 Scorch                   Fire           34%        2d6       4%          2
 Inner Flame              Hex/Fire       9%         N/A       24%         3
 Volatile Blastmotes      Fire/Tloc      18%        2d11      24%         3
 Flame Wave               Conj/Fire      13%        2d6       45%         4


Dungeon Overview and Level Annotations

Branches:
Dungeon (3/15)

Altars:


Innate Abilities, Weirdness & Mutations

Your spellcasting is much less encumbered by armour.
You can use scrolls of enchantment on lesser artefacts.


Message History

You hear some strange, mumbled words.
Something tries to affect you, but you resist.
You're too confused to move!
The orc hits you but does no damage.
You're too confused to move!
Something hits you. The orc hits you with a +0 club. The rat barely misses you.
You feel less confused.
You hear some strange, mumbled words.
You are confused.
The orc attacks as it pursues you! The orc barely misses you.
There is a stone staircase leading up here.
Something hits you.
You climb upwards.
Reactivating autopickup.
There is a stone staircase leading down here.
You're too confused to move!
You hear some strange, mumbled words.
A magic dart appears from out of thin air!
Deactivating autopickup; reactivate with Ctrl-A.
The magic dart hits you. The orc barely misses you.
You bump into the rock wall.
Something hits you. The orc hits you with a +0 club.
* * * LOW HITPOINT WARNING * * *
You bump into the rock wall.
Something hits you.
* * * LOW HITPOINT WARNING * * *
The orc hits you with a +0 club.
* * * LOW HITPOINT WARNING * * *
You feel less confused. The orc hits you with a +0 club.
* * * LOW HITPOINT WARNING * * *
Something hits you.
* * * LOW HITPOINT WARNING * * *
The orc barely misses you. Something completely misses you. Something hits you.
* * * LOW HITPOINT WARNING * * *
You hit something but do no damage.
You hear some strange, mumbled words.
A magic dart appears from out of thin air!
The magic dart hits you.
You die...

#.###### #.# ##.##..............
..#########.###.#.#.###########..
.........##.##.###..# #..
#.######.##...## ##.# #.. #.#
#.##..#.###.># ### #.##
#.##..##.#.#.# #..#
#.##..###.##.# ######
#..#####.##..######.##### #....#
.........##...#.@{o.>...# #.##.#
#..#####.###..#.#######.###.##.#
...#####.# #..#.# #.##...#.##
.........# #..#.# #.#........
...#####.# #....# #<.........
.....###.####...# #.#........
##.#รท...<.......# #.##...#.##
......##.####...#######.....##.##
......#.................######.##


You could see an orc.

Vanquished Creatures
  An adder (D:2)
  2 dart slugs
  2 orcs (D:3)
  3 ball pythons (D:1)
  5 endoplasms
  6 giant cockroaches
  2 goblins (D:2)
  2 hobgoblins (D:2)
  6 jackals (D:1)
  4 quokkas
  2 bats
  4 frilled lizards
  A kobold (D:1)
  3 rats
43 creatures vanquished.

Vanquished Creatures (others)
  67 foxfires
67 creatures vanquished.

Grand Total: 110 creatures vanquished

Notes
Turn   | Place    | Note
-------+----------+-------------------------------------------
     0 | D:1      | Cancer the Mountain Dwarf Fire Elementalist began the quest
                  | for the Orb.
     0 | D:1      | Reached XP level 1. HP: 14/14 MP: 3/3
    74 | D:1      | Reached skill level 1 in Conjurations
   182 | D:1      | Reached XP level 2. HP: 7/20 MP: 3/5
   298 | D:1      | Reached skill level 4 in Fire Magic
  1036 | D:2      | Reached XP level 3. HP: 26/26 MP: 4/6
  1824 | D:2      | HP: 1/26 [something (1)]
  1825 | D:2      | Killed from afar by an orc wizard

Illustrated notes

Levels and vault maps discovered:
D:1:      psy_arrival_fountain, layout_basic
D:2:      layout_loops_ring, minmay_misc_feat_five, minmay_misc_feat_roman
D:3:      layout_basic, regret_index_temple_of_mockery,
          grunt_temple_overflow_open, chequers_serial_rivers_small_a

Skill      XL: |  1  2  3 |
---------------+----------+-----
Conjurations   | 1 2 |  2.0
Spellcasting   | 2 |  2.5
Fire Magic     | 4 |  4.4
Dodging        | |  1.3
Stealth        | |  1.4

Action                     || total
---------------------------++-------
  Melee: Whip              ||    16
         Spear             ||    61
   Cast: Foxfire           ||    37
   Stab: Sleeping          ||     3
 Armour: Robe              ||    23
         Leather armour    ||    29
  Dodge: Dodged            ||    51

Table legend: (Time is in decaauts)
 A = Elapsed time spent in this place.
 B = Non-inter-level travel time spent in this place.
 C = Inter-level travel time spent in this place.
 D = Time resting spent in this place.
 E = Time spent auto-exploring this place.
 F = Levels seen in this place.
 G = Mean time per level.
                   A        B        C        D        E       F      G
               +--------+--------+--------+--------+--------+-----+--------+
         Total |   1831 |   1753 |     78 |      0 |   1428 |   3 |  610.3 |
       Dungeon |   1831 |   1753 |     78 |      0 |   1428 |   3 |  610.3 |
               +--------+--------+--------+--------+--------+-----+--------+

Top non-repeatable levels by time:
     D:1: 1032 daAuts
     D:2: 776 daAuts
     D:3: 22 daAuts
